 Dungeon Crawl Stone Soup version 0.17-a0-1591-g7a45446 (webtiles) character file.

587 Chiseanne the Magician (level 7, 46/46 HPs)
             Began as a Demonspawn Wanderer on July 29, 2015.
             Was a Follower of Vehumet.
             Quit the game on level 4 of the Dungeon.
             The game lasted 00:08:20 (4760 turns).

Chiseanne the Magician (Demonspawn Wanderer)        Turns: 4760, Time: 00:08:20

Health: 46/46      AC:  4    Str: 13    XL:     7   Next: 15%
Magic:  10/16      EV: 11    Int: 16    God:    Vehumet [*.....]
Gold:   135        SH:  0    Dex: 11    Spells: 5 memorised, 8 levels left

rFire  + . .     SeeInvis .     a - +4 quarterstaff (chaos)
rCold  . . .     Clarity  .     d - +1 robe
rNeg   . . .     SustAt   .     (no shield)
rPois  .         Gourm    .     (helmet restricted)
rElec  .         Spirit   .     i - +0 cloak
rCorr  .         Warding  .     (no gloves)
rMut   .         Stasis   .     (no boots)
MR     .....                    (no amulet)
Stlth  ++........               (no ring)
                                (no ring)

@: very slightly contaminated, not resistant to hostile enchantments, unstealthy
A: horns 2, talons 1, demonic guardian 1, fire resistance 1
a: Renounce Religion


You were on level 4 of the Dungeon.
You worshipped Vehumet.
Vehumet was aware of your devotion.
You were not hungry.

You visited 1 branch of the dungeon, and saw 4 of its levels.

You collected 135 gold pieces.

Inventory:

Hand weapons
 a - a +4 quarterstaff of chaos (weapon)
 s - a +2 hand axe of chopping
Missiles
 e - 24 bolts of frost
Armour
 d - a +1 robe (worn)
 i - a +0 cloak (worn)
Jewellery
 j - an uncursed amulet of the gourmand {unknown}
Scrolls
 b - a scroll of noise {unknown}
 k - 5 scrolls of identify
 l - a scroll of enchant armour
 n - a scroll of amnesia {unknown}
Potions
 c - a potion of curing
 m - 2 potions of poison
Books
 f - a book of Minor Magic

   Spells                             Type                      Level
   a - Magic Dart                     Conjuration                  1
   b - Blink                          Translocation                2
   c - Call Imp                       Summoning                    2
   d - Repel Missiles                 Charms/Air                   2
   e - Slow                           Hexes                        2
   f - Conjure Flame                  Conjuration/Fire             3
   g - Mephitic Cloud                 Conjuration/Poison/Air       3
Comestibles
 g - a bread ration
 h - a meat ration
 o - a chunk of flesh


   Skills:
 - Level 1.7 Stealth
 * Level 6.4 Spellcasting
 * Level 5.2 Conjurations
   Level 1.1 Necromancy
 - Level 2.6 Translocations


You had 8 spell levels left.
You knew the following spells:

 Your Spells              Type           Power        Failure   Level  Hunger
a - Magic Dart            Conj           ###.         1%          1    None
b - Repel Missiles        Chrm/Air       #.....       21%         2    None
c - Call Imp              Summ           #.......     21%         2    None
d - Mephitic Cloud        Conj/Pois/Air  ##......     21%         3    ##.....
e - Blink                 Tloc           N/A          10%         2    None


Dungeon Overview and Level Annotations

Branches:
Dungeon (4/15)
 Temple: D:4-7

Altars:
Dithmenos
Vehumet
The Shining One


Innate Abilities, Weirdness & Mutations

You have a pair of horns on your head.
You have sharp toenails.
A weak demonic guardian rushes to your aid.
Your flesh is heat resistant.


Message History

Confirm with . or Enter, or press ? or * to list all spells.
Aiming: Magic Dart
Press: ? - help, Shift-Dir - straight line, f/p - giant cockroach
Aim: a giant cockroach (severely wounded)
The magic dart hits the giant cockroach.
The giant cockroach is almost dead.
Casting: Magic Dart
Confirm with . or Enter, or press ? or * to list all spells.
Aiming: Magic Dart
Press: ? - help, Shift-Dir - straight line, f/p - giant cockroach
Aim: a giant cockroach (almost dead)
The magic dart hits the giant cockroach.
You kill the giant cockroach!
Vehumet accepts your kill.
Casting: Magic Dart
Confirm with . or Enter, or press ? or * to list all spells.
Aiming: Magic Dart
Press: ? - help, Shift-Dir - straight line, f - you
Okay, then.
Are you sure you want to abandon this character and quit the game? (Confirm with "yes".)

#..###.................#
#..###............#....#
#..##.............#...##
#..#.................## .
##................#..# ..#
##................#..#
....####...........<.....#..#
......#..................#..#
#.............@........#..#
#.........................#
.............................
###....†.....†........).....
#.........................#
#....)....................
#..................%....
#..................(....
#.....%.........


There were no monsters in sight!

Vanquished Creatures
  Grinder (D:3)
  A centaur (D:3)
  A scorpion (D:4)
  An orc wizard (D:3)
  Crazy Yiuf (D:2)
  An orc priest (D:3)
  Jessica (D:2)
  A worker ant (D:4)
  An iguana (D:4)
  4 adders
  A gnoll (D:1)
  3 orcs (D:3)
  4 bats
  5 goblins
  14 hobgoblins
  3 jackals (D:3)
  A quokka (D:2)
  4 giant cockroaches
  4 giant newts
  8 kobolds
  9 rats
69 creatures vanquished.

Vanquished Creatures (collateral kills)
  Terence (D:3)
1 creature vanquished.

Grand Total: 70 creatures vanquished

Notes
Turn   | Place    | Note
--------------------------------------------------------------
     0 | D:1      | Chiseanne the Demonspawn Wanderer began the quest for the Orb.
     0 | D:1      | Chiseanne set off with: a book of Minor Magic, a potion of lignification, a potion of curing, a +0 robe, a +0 club, a +0 dagger, a bread ration
     0 | D:1      | Reached XP level 1. HP: 13/13 MP: 5/5
     3 | D:1      | Learned a level 1 spell: Magic Dart
   854 | D:1      | Gained mutation: Your flesh is heat resistant. [demonic ancestry]
   854 | D:1      | Reached XP level 2. HP: 19/19 MP: 4/7
  1128 | D:1      | Reached skill level 1 in Conjurations
  1381 | D:1      | Gained mutation: You have a pair of small horns on your head. [demonic ancestry]
  1381 | D:1      | Reached XP level 3. HP: 12/24 MP: 1/9
  1948 | D:2      | Found a glowing golden altar of the Shining One.
  2269 | D:2      | Found a radiant altar of Vehumet.
  2276 | D:2      | Became a worshipper of Vehumet
  2278 | D:2      | Noticed Jessica
  2299 | D:2      | Killed Jessica
  2510 | D:2      | Noticed Crazy Yiuf
  2533 | D:2      | Killed Crazy Yiuf
  2533 | D:2      | Reached skill level 5 in Spellcasting
  2533 | D:2      | Reached XP level 4. HP: 30/30 MP: 1/11
  3228 | D:3      | Gained mutation: You have a pair of horns on your head. [demonic ancestry]
  3228 | D:3      | Reached XP level 5. HP: 35/35 MP: 12/12
  3472 | D:3      | Found a shadowy altar of Dithmenos.
  3684 | D:3      | Learned a level 2 spell: Repel Missiles
  3687 | D:3      | Learned a level 2 spell: Call Imp
  3691 | D:3      | Learned a level 3 spell: Mephitic Cloud
  3694 | D:3      | Learned a level 2 spell: Blink
  3779 | D:3      | Noticed a centaur
  3786 | D:3      | Noticed Grinder
  3796 | D:3      | Killed Grinder
  3796 | D:3      | Reached skill level 6 in Spellcasting
  3796 | D:3      | Gained mutation: You have sharp toenails. [demonic ancestry]
  3796 | D:3      | Reached XP level 6. HP: 19/41 MP: 4/15
  3799 | D:3      | Killed a centaur
  3925 | D:3      | Acquired Vehumet's first power
  3925 | D:3      | Offered knowledge of Shock by Vehumet.
  4344 | D:3      | Noticed Terence
  4350 | D:3      | Killed Terence
  4659 | D:4      | Reached skill level 5 in Conjurations
  4660 | D:4      | Gained mutation: A weak demonic guardian rushes to your aid. [demonic ancestry]
  4660 | D:4      | Reached XP level 7. HP: 42/46 MP: 2/16
  4760 | D:4      | Quit the game

Vault maps used:
D:1:      denvon_arrival_planthouse
D:2:      vehumet_crystals, old_standard_altar, nrook_mini_backslash,
          uniq_crazy_yiuf_cottage, uniq_jessica
D:3:      nicolae_dithmenos_shadow_blocks, uniq_grinder, uniq_terence

Action                   |  1- 3 |  4- 6 |  7- 9 || total
-------------------------+-------+-------+-------++-------
Melee: Club              |     2 |       |       ||     2
       Whip              |    31 |       |       ||    31
       Quarterstaff      |       |    28 |     3 ||    31
 Cast: Magic Dart        |    82 |    64 |     6 ||   152
       Mephitic Cloud    |       |     5 |       ||     5
       Call Imp          |       |     2 |       ||     2
  Use: Scroll            |     9 |       |       ||     9
       Potion            |     4 |     2 |       ||     6
 Stab: Paralysed         |       |     5 |       ||     5
  Eat: Chunk             |     5 |     6 |     1 ||    12
